Cogmind - Beta 14 @@@ ROGUE MODE // 2024.09.06 @ 01:42:27 Player: Beef Result: Destroyed by 2F-1LB(R) with Subdweller Beam Cannon Performance ------------- Evolutions (0) 0 Regions Visited (2) 400 Robots Destroyed (30) 150 Value Destroyed (599) 599 Prototype IDs (4) 80 Alien Tech Used (0) 0 Bonus (0) 0 TOTAL SCORE: 1229 Bonus ------- None Cogmind --------- Core Integrity 0/250 Matter 180/300 Energy 121/125 System Corruption 0% Temperature Cool (11) Movement Treading (160) Location -10/Subcaves Parts ------- > --- POWER (1) -------- Light Ion Engine > --- PROPULSION (2) --- Improved Treads Improved Treads > --- UTILITY (2) ------ Medium Storage Unit Seismic Detector > --- WEAPON (2) ------- Mini Grenade Launcher Mini Grenade Launcher > --- INVENTORY (10) --- Improved Treads Sensor Array Improved Medium Laser Improved Medium Laser Mini Grenade Launcher Datajack Mining Laser Peak State ------------ > --- POWER ------------ Light Nuclear Core > --- PROPULSION ------- Improved Treads Improved Treads > --- UTILITY ---------- Medium Storage Unit Seismic Detector > --- WEAPON ----------- Improved Medium Laser Improved Medium Laser > --- INVENTORY -------- Light Ion Engine Improved Treads Improved Treads Sensor Array Improved Medium Laser Mini Grenade Launcher Mini Grenade Launcher Mini Grenade Launcher Datajack Mining Laser [Rating: 16] Favorites ----------- Power Light Nuclear Core Engine Light Ion Engine Power Core Light Nuclear Core Propulsion Improved Treads Treads Improved Treads Utility Seismic Detector Device Seismic Detector Storage Medium Storage Unit Weapon Improved Medium Laser Energy Gun Improved Medium Laser Launcher Mini Grenade Launcher Special Weapon Mining Laser Build | -11 -10 -10 ------- Run | Yrd Mat Sub Slots Evolved . | . . . Power . | . . . Propulsion . | . . . Utility . | . . . Weapon . | . . . Parts Attached 29 | 7 7 15 Power 3 | 1 1 1 Engine 2 | 1 . 1 Core 1 | . 1 . Reactor . | . . . Propulsion 5 | 2 2 1 Treads 5 | 2 2 1 Leg . | . . . Wheel . | . . . Hover . | . . . Flight . | . . . Utility 4 | 2 1 1 Device 2 | 1 . 1 Storage 2 | 1 1 . Processor . | . . . Hackware . | . . . Protection . | . . . Artifact . | . . . Weapon 17 | 2 3 12 Energy Gun 10 | 2 3 5 Energy Cannon . | . . . Ballistic Gun . | . . . Ballistic Cannon . | . . . Launcher 5 | . . 5 Special Weapon 2 | . . 2 Impact Weapon . | . . . Slashing Weapon . | . . . Piercing Weapon . | . . . Special Melee Weapon . | . . . Unidentified Prototypes . | . . . Parts Lost 3 | . . 3 Power 1 | . . 1 Propulsion 1 | . . 1 Utility . | . . . Weapon 1 | . . 1 Highest Loss Streak 2 | . . 2 To Critical Strikes . | . . . Average Slot Usage (%) 99 | . 100 99 Engine 6 | . 12 . Core 7 | . 1 13 Treads 27 | . 28 27 Device 13 | . 14 13 Storage 14 | . 14 14 Energy Gun 25 | . 28 23 Special Weapon 1 | . . 2 Peak Build Rating 16 | 7 16 16 Average Rating 11 | 4 9 15 On Entrance 7 | . 7 16 Naked Turns . | . . . Heaviest Build 22 | 13 22 22 Greatest Support 46 | 40 46 46 Greatest Overweight (x) . | . . . Average Overweight (x) . | . . . Largest Inventory Capacity 10 | 8 10 10 Average Capacity 9 | 7 9 10 Most Carried 10 | 2 10 10 Average Carried 8 | 1 8 9 Final Capacity 10 | 8 10 10 Final Carried 10 | 2 10 7 Class Distribution -------------------- 100% | Mutant Dominant Class ---------------- Mutant | -10/Materials Mutant | -10/Subcaves Resources | -11 -10 -10 ----------- Run | Yrd Mat Sub Matter Collected 505 | 270 70 165 Remotely . | . . . Salvage Created 881 | 126 485 270 Parts 46 | 6 19 21 Haulers Intercepted 2 | . 2 . Recyclers Shooed 1 | . 1 . Parts Field Recycled . | . . . Retrieved Matter . | . . . Parts Self-Destructed 13 | . . 13 Prevented . | . . . Kills | -11 -10 -10 ------- Run | Yrd Mat Sub Combat Hostiles Destroyed 19 | . 8 11 Guns 12 | . 7 5 AOE 6 | . . 6 Classes Destroyed 10 | 3 4 3 Worker 3 | 1 2 . Tunneler 1 | 1 . . Hauler 2 | . 2 . Recycler 2 | 1 1 . Turret 2 | . . 2 Watcher 1 | . 1 . Swarmer 9 | . 3 6 Grunt 7 | . 5 2 Cobbler 1 | . . 1 Subdweller 3 | . . 3 Best Kill Streak 5 | 3 4 5 Combat Bots Only 3 | . 3 3 Max Kills in Single Turn 3 | 1 1 3 Gunslinging . | . . . Exploded 3 | . . 3 Melee . | . . . Uniques/NPCs Destroyed . | . . . Combat | -11 -10 -10 -------- Run | Yrd Mat Sub Hostile Shots Fired 118 | . 36 82 Missed 43 | . 13 30 Damage Taken 1066 | . 212 854 Core 258 | . 45 213 Absorbed by Shields . | . . . Core Remaining (%) 100 | 100 . . Volleys Fired 104 | 3 46 55 Largest 2 | 2 2 2 Hottest 156 | 100 112 156 Shots Fired 189 | 6 92 91 Gun 156 | 6 92 58 Cannon . | . . . Launcher 15 | . . 15 Special 18 | . . 18 Kinetic . | . . . Thermal 174 | 6 92 76 Explosive 15 | . . 15 Electromagnetic . | . . . Robot Hit Streak 15 | 5 9 15 Robot Miss Streak 6 | . 4 6 Penetration Max . | . . . Secondary Targets . | . . . Shots Hit Robots 98 | 5 58 35 Core Hits 51 | 4 22 25 Critical Kills . | . . . Critical Parts Destroyed . | . . . Critical Strikes 16 | . 9 7 Burn 16 | . 9 7 Melee Attacks . | . . . Impact . | . . . Slashing . | . . . Piercing . | . . . Sneak Attacks . | . . . Combat Hostiles . | . . . Follow-up Attacks . | . . . Damage Inflicted 2116 | 62 753 1301 Guns 1304 | 62 751 491 Cannons . | . . . Explosions 810 | . . 810 Melee . | . . . Ramming 2 | . 2 . Kinetic . | . . . Thermal 1304 | 62 751 491 Explosive 810 | . . 810 Electromagnetic . | . . . Impact . | . . . Slashing . | . . . Piercing . | . . . Highest Corruption . | . . . Average Corruption . | . . . Corruption Purged . | . . . Corruption Blocked . | . . . Overload Shots . | . . . Overflow Damage . | . . . Projectiles . | . . . Explosions . | . . . Melee . | . . . Knockbacks . | . . . Impact . | . . . Kinetic . | . . . Secondary . | . . . Self-Inflicted Damage 77 | . . 77 Shots 3 | . . 3 Rammed 1 | . 1 . Targets Rammed 1 | . 1 . Kicked . | . . . Crushed . | . . . Highest Temperature 342 | 78 342 29 Average Temperature 89 | 33 103 14 Received Heat Transfer 243 | . 54 189 Effects 3 | . 3 . Interference 3 | . 3 . Siege Activations . | . . . Robots Corrupted . | . . . Combat Hostiles . | . . . Parts Fried . | . . . Impact Corruptions . | . . . Robots Melted 2 | . 2 . Combat Hostiles 1 | . 1 . Parts Melted 10 | . 8 2 Heat Transferred 4588 | 185 2812 1591 Parts Sabotaged . | . . . Parts Stolen . | . . . Parts Stripped . | . . . Power Chain Reactions . | . . . Alert | -11 -10 -10 ------- Run | Yrd Mat Sub Peak Influence 131 | 15 131 . Initial 9 | . 9 . Average 64 | 3 72 . Maximum Alert Level . | . . . Low Security (%) 100 | 100 100 . Level 1 . | . . . Level 2 . | . . . Level 3 . | . . . Level 4 . | . . . Level 5 . | . . . High Security . | . . . Max Security . | . . . Squads Dispatched 2 | . 2 . Investigation 1 | . 1 . Extermination . | . . . Reinforcement 1 | . 1 . Assault . | . . . Garrison . | . . . Intercept . | . . . Searches Triggered . | . . . Construction Impeded . | . . . Haulers Reinforced . | . . . Active Scanning Responses . | . . . Cargo Convoy Interrupts . | . . . Stealth | -11 -10 -10 --------- Run | Yrd Mat Sub Distress Signals 1 | . 1 . Communications Jammed . | . . . Distress Signals . | . . . Times Spotted 26 | . 11 15 Peak Tracking Total 4 | . 3 4 Tactical Retreats 1 | . . 1 Traps | -11 -10 -10 ------- Run | Yrd Mat Sub Traps Triggered 1 | . 1 . Indirectly . | . . . Trap Hack Attempts . | . . . Triggered . | . . . Disarmed . | . . . Reprogrammed . | . . . Reused . | . . . Traps Extracted . | . . . Installed . | . . . Triggered . | . . . Machines | -11 -10 -10 ---------- Run | Yrd Mat Sub Machines Disabled 5 | . 1 4 Max in Single Turn 4 | . 1 4 Machines Repaired . | . . . Machines Dismantled . | . . . Machines Sabotaged . | . . . Overloaded Fab Kills . | . . . Hacking | -11 -10 -10 --------- Run | Yrd Mat Sub Machines Accessed 7 | . 6 1 Terminals 6 | . 6 . Fabricators . | . . . Repair Stations . | . . . Recycling Units . | . . . Scanalyzers . | . . . Garrison Access . | . . . Total Hacks 34 | . 30 4 Successful 26 | . 22 4 Failed 8 | . 8 . Catastrophic 1 | . 1 . Database Lockouts . | . . . Manual 15 | . 15 . Terminals 30 | . 30 . Fabricators . | . . . Repair Stations . | . . . Recycling Units . | . . . Scanalyzers . | . . . Garrison Access . | . . . Terminal Hacks 20 | . 16 4 Record 5 | . 1 4 Prototype ID Bank 2 | . 2 . Branch Access Points 1 | . 1 . Terminal Index 1 | . 1 . Alert Level 1 | . 1 . Locate Traps 1 | . 1 . Dispatch Records 1 | . 1 . Surveillance Status 1 | . 1 . Patrol Status 1 | . 1 . Reinforcement Status 1 | . 1 . Hauler Manifests 1 | . 1 . Registered Components 1 | . 1 . Zone Layout 3 | . 3 . Fabricator Hacks . | . . . Repair Station Hacks . | . . . Recycling Unit Hacks . | . . . Scanalyzer . | . . . Garrison Access Hacks . | . . . Unauthorized Hacks 6 | . 6 . Terminals 6 | . 6 . Botnet 6 | . 6 . Fabricators . | . . . Repair Stations . | . . . Recycling Units . | . . . Scanalyzers . | . . . Garrison Access . | . . . Data Cores Recovered . | . . . Used . | . . . Hacking Detections 5 | . 5 . Full Trace Events . | . . . Feedback Events . | . . . Feedback Blocked . | . . . Robot Schematics Acquired . | . . . Robots Built . | . . . Authchips . | . . . Time . | . . . Total Robot Build Rating . | . . . Part Schematics Acquired . | . . . Parts Built . | . . . Authchips . | . . . Time . | . . . Total Part Build Rating . | . . . Parts Repaired . | . . . Time . | . . . Parts Recycled . | . . . Recycled Matter . | . . . Retrieved Matter . | . . . Retrieved Components . | . . . Parts Scanalyzed . | . . . Part Schematics Acquired . | . . . Parts Damaged . | . . . Bothacking | -11 -10 -10 ------------ Run | Yrd Mat Sub Used RIF Installer . | . . . Robots Hacked . | . . . Non-combat . | . . . Combat . | . . . Robot Hacks Applied . | . . . Relay Couplers Released . | . . . Fabnet Peak Effective % . | . . . Robots Rewired . | . . . Allies Hacked . | . . . Hacks Repelled . | . . . Allies | -11 -10 -10 -------- Run | Yrd Mat Sub Total Allies . | . . . Largest Group . | . . . Highest-Rated Group . | . . . Highest-Rated Ally . | . . . Total Orders . | . . . Ally Attacks . | . . . Total Damage . | . . . Kills . | . . . Allies Corrupted . | . . . Allies Melted . | . . . Intel | -11 -10 -10 ------- Run | Yrd Mat Sub Robot Analysis Total . | . . . Derelict Logs Recovered 1 | . . 1 Drone Launches . | . . . Drone Recoveries . | . . . Exploration | -11 -10 -10 ------------- Run | Yrd Mat Sub Turns Passed 2372 | 144 1116 1112 Spaces Moved 1235 | 88 588 559 Core 16 | 16 . . Treads 1219 | 72 588 559 Legs . | . . . Wheels . | . . . Hover . | . . . Flight . | . . . Fastest Speed 50 | 50 160 160 Average Speed 158 | 140 160 160 Slowest Speed 160 | 160 160 160 Overloaded Moves . | . . . Propulsion Burnouts . | . . . Robots Hopped . | . . . Cave-ins Triggered . | . . . Exploration Rate (%) 39 | 6 67 45 Regions Visited 2 Branch Regions 1 Pre-discovered Areas 1 | . . 1 Known Exits Taken . | . . . Unknown Exits Taken 2 | 1 1 . Scrap Searched . | . . . Spaces Dug 5 | . . 5 Terrain Destroyed 68 | . . 68 Melee . | . . . Projectile . | . . . AOE 68 | . . 68 Terrain Rammed . | . . . Walls Destroyed . | . . . Machines Disabled . | . . . Actions | -11 -10 -10 --------- Run | Yrd Mat Sub Total 1422 | 99 678 645 Wait 20 | . 5 15 Move 1233 | 87 587 559 Hop . | . . . Pick Up 19 | 2 17 . Fast Attach 9 | 7 1 1 Attach 3 | . . 3 Detach . | . . . Swap 17 | . 6 11 Drop 16 | . 15 1 Fire 104 | 3 46 55 Melee . | . . . Ram . | . . . Kick . | . . . Crush 1 | . 1 . Escape Stasis . | . . . Rewire . | . . . Trap . | . . . Miscellaneous . | . . . Route ------- -11/Scrapyard -10/Materials (discovered 4 exits: [*Mat] / *Min x2 / *Sub) -10/Subcaves (discovered 1 exit: [*Rec]) History --------- Turn | Location | Event 6 | -11/Scrapyard | Discovered new exit (range 16) 145 | -11/Scrapyard | Entered Materials 186 | -10/Materials | Discovered new exit (range 15) 317 | -10/Materials | Build established: Mutant 357 | -10/Materials | Discovered new exit (range 12) 581 | -10/Materials | Discovered new exit (range 10) 976 | -10/Materials | Identified exit to Mines 1253 | -10/Materials | Discovered new exit (range 6) 1261 | -10/Materials | Entered Subcaves 1309 | -10/Subcaves | Shifting Twisted Machinery released Sub. Monowheel 1313 | -10/Subcaves | Shifting Twisted Machinery released Ripper 1321 | -10/Subcaves | Visited Clippyterm 1325 | -10/Subcaves | Learned Factory trap positions 1364 | -10/Subcaves | Shifting Twisted Machinery released Riot Gun 1440 | -10/Subcaves | Shifting Twisted Machinery released Mak. Light Armor Plating 1440 | -10/Subcaves | Shifting Twisted Machinery released Shrapnel Trap 1483 | -10/Subcaves | Learned location of Zion (-7) 1601 | -10/Subcaves | A swath of the cavern ceiling suddenly collapsed 1804 | -10/Subcaves | Discovered new exit (range 16) 2144 | -10/Subcaves | Core integrity fell below 50% 2348 | -10/Subcaves | Ambushed by Subdweller buried in earth 2358 | -10/Subcaves | Core integrity fell below 20% 2373 | -10/Subcaves | Destroyed by 2F-1LB(R) with Subdweller Beam Cannon Last Messages --------------- 02010_ Destroyed Wheel. 02010_ 2X-0XM(O) suffers critical hit (Burn). 02010_ 2X-0XM(O) cries out in pain. 02010_ 2X-0XM(O) destroyed. 02016_ Acquired 28 matter. 02140_ Imp. Medium Laser destroyed. 02152_ 39-0YW(R) suffers critical hit (Burn). 02164_ 39-0YW(R) destroyed. 02170_ Subatomizers dissect the Sub. Optics. 02170_ Sub. Monowheel melted. 02170_ Sub. Power Source melted. 02170_ QD-RXR(R) destroyed. 02175_ Acquired 43 matter. 02185_ Subatomizers dissect the Sub. Optics. 02349_ 2F-1LB(R): "ARGHSUB!" 02349_ Imp. Treads destroyed. 02351_ Lgt. Nuclear Core destroyed. 02353_ The unstable cave ceiling collapses. 02368_ 6H-VAM(R) destroyed. 02370_ The unstable cave ceiling collapses. Map ----- +----------------------------------------------------+ | ?????????????????????????????????????????????????? | | ?????????????????????????????????????????????????? | | ?????????????????????????????????????????????????? | | ?????????????????????????????????????????????????? | | ?????????????????????????????????????????????????? | | ?????????????????????????????????????????????????? | | ?????????????????????????????????????????????????? | | ?????????????????????????????????????????????????? | | ???????????????????????????? ????? ??????????????? | | ??????????????????????????? ? ??? ????????????? | | ????????????????????????? ? ### ????????????? | | ???????????????????????? "" # #????????????? | | ????????????????????????? " ##???????????? | | ?????????????????????????? ##??????????? | | ??????????????????????????# ##?????????? | | ??????????????????????????# #?????????? | | ??????????????????????????? # #??????????? | | ???????????????????????????? * # #???????????? | | ???????????????????????????? % # #???????????? | | ???????????????????####????? ##???????????? | | ???????????????????# ##?###R ##??????????? | | ???????????????????# ### R #??????????? | | ???????????????????# ## # #???????????? | | ??????????????????## #????????????? | | ??????????????????# ; #####????????????? | | ??????????????????# @ ##"###???###??????????? | | ??????????????????# ##????????# ##?????????? | | ??????????????????# #????????## #?????????? | | ??????????????????## #??????### #?????????? | | ?????????????????### ###???## ##?????????? | | ?????????????????# ##### #??????????? | | ?????????????????# "" #??????????? | | ?????????????????# """"" ##??????????? | | ?????????????????## ##### "" """#???????????? | | ??????????????????## #????# "" ##???????????? | | ???????????????????### """"# #???????????? | | ????????????????????# ###### ##???????????? | | ????????????????????# #??### #???????????? | | ?????????????????? ## "##"" ##???????????? | | ?????????????????# #?# " ##??????????? | | ?????????????????#######??## # #"" ##?????????? | | ????????????????????????????###?# " """#?????????? | | ???????????????????????????????##" ####?????????? | | ???????????????????????????????# ##????????????? | | ???????????????????????????????#" "#?????????????? | | ???????????????????????????????# "##????????????? | | ???????????????????????????????#" ""#????????????? | | ???????????????????????????????## "##????????????? | | ???????????????????????????????## " #????????????? | | ???????????????????????????????# ##????????????? | +----------------------------------------------------+ Best States ------------- Heat Dissipation 25 Energy Generation 14 Energy Capacity 160 Matter Stores 300 Matter Capacity 300 Sight Range 16 Terrain Scan Density 10 Evasion (%) 50 Recoil Reduction 2 Item Schematics ----------------- None Robot Schematics ------------------ None Fabricated ------------ Nothing Alien Tech Used ----------------- None Achievements -------------- None Challenges ------------ None Game ------ Seed SiegeRelayTrap Manual? 0 Play Time 00:09:35 Cumulative 120.4 hours Start 2024.09.06 @ 01:33:01 End 2024.09.06 @ 01:42:27 Sessions 1 Manual Loads 0 Difficulty Rogue Special Mode None Game No. 142 Rogue 142 Adventurer 0 Explorer 0 Win Type - Total 2 Types 2/0/0/0/0/0/0/0/0 Lore% 56 Gallery% 64 Achievement% 48 Wizard Run 0 Options --------- Layout 0 ASCII 0 Keyboard 1 Movement Numpad Keybinds 0 Fullscreen 2 Font 18/SmallcapsGlow Map View 76x50 Zoom Use 0% Tactical HUD 1 Map Filters NONE Filters NONE Steam 1 RUN: 241dd5cb-a6bc-45ab-86b8-fdbaf6ff5782